Map: Ascension to Aiur LE

Players

Elazer - Winner!

  • Race: Zerg Zerg
  • Spawn Location: 5:00

Nerchio

  • Race: Zerg Zerg
  • Spawn Location: 11:00

Event: WCS Valencia 2017

VOD

Have the link to the VOD?

Description

Time

  • Played on: July 15, 2017, 7:17 a.m.
  • Length: 14:21

All games in this series

Show
View Real Time Build Order
Export as new Build Order

Elazer Zerg - Winner!

Build Orders: Hatch First 

Get SALT Encoding   

  12  0:00  Drone  
  13  0:12  Overlord  
  13  0:17  Drone  
  14  0:30  Drone x2  
  14  0:34  Drone  
  17  0:50  Hatchery  
  17  0:53  Drone  
  17  0:56  Drone  
  18  1:07  Extractor  
  17  1:11  Spawning Pool  
  17  1:14  Drone  
  17  1:18  Drone  
  18  1:27  Drone  
  19  1:38  Overlord  
  19  1:56  Drone  
  19  1:58  Queen  
  19  1:59  Zergling x2  
  23  2:02  Queen, Zergling x2  
  23  2:06  Metabolic Boost  
  26  2:11  Drone  
  26  2:13  Drone  
  28  2:21  Drone  
  29  2:25  Drone  
  30  2:33  Zergling x2  
  31  2:39  Drone  
  31  2:43  Hatchery  
  31  2:45  Overlord  
  31  2:49  Drone  
  32  2:54  Baneling Nest  
  32  2:55  Drone  
  32  2:59  Drone  
  33  3:07  Zergling x2  
  33  3:09  Drone x3  
  33  3:11  Drone  
  38  3:14  Drone  
  38  3:19  Queen  
  41  3:21  Zergling x2  
  41  3:24  Zergling x2  
  42  3:29  Zergling x4  
  42  3:34  Overlord  
  43  3:38  Baneling x2  
  43  3:39  Baneling  
  43  3:40  Baneling  
  43  3:43  Overlord  
  43  3:51  Queen  
  45  3:56  Drone x4  
  45  3:59  Drone x2  
  45  4:00  Drone x2  
  53  4:04  Drone  
  53  4:08  Overlord  
  54  4:11  Zergling x2  
  54  4:14  Zergling x2  
  54  4:16  Extractor  
  55  4:17  Evolution Chamber  
  55  4:19  Lair  
  55  4:20  Extractor  
  55  4:22  Overlord  
  55  4:23  Drone  
  54  4:28  Drone  
  54  4:29  Drone  
  54  4:35  Zergling x8  
  58  4:38  Extractor  
  58  4:39  Overlord  
  58  4:43  Zergling x4  
  59  4:48  Baneling x2  
  59  4:49  Overlord  
  59  4:53  Drone x5  
  59  4:56  Extractor  
  63  5:01  Overlord  
  63  5:05  Drone  
  64  5:09  Drone  
  64  5:10  Drone x4  
  69  5:16  Drone  
  69  5:19  Spire  
  69  5:20  Drone x2  
  69  5:22  Extractor  
  69  5:24  Drone x2  
  69  5:26  Drone  
  71  5:30  Drone  
  71  5:32  Overlord  
  71  5:34  Drone x2  
  71  5:35  Drone  
  75  5:37  Drone  
  75  5:39  Drone  
  77  5:46  Zergling x2  
  77  5:47  Zergling x2  
  77  5:48  Spine Crawler x2  
  77  5:49  Zergling x2  
  78  5:50  Zergling x2  
  78  5:53  Zergling x2  
  78  5:54  Zergling x2  
  78  5:56  Zergling x4  
  82  6:01  Baneling x2  
  82  6:03  Zergling x8  
  86  6:07  Zergling x2, Spine Crawler  
  86  6:08  Zergling x2  
  86  6:10  Baneling  
  86  6:11  Baneling x3  
  75  6:32  Mutalisk, Zergling x8  
  76  6:33  Mutalisk x3  
  82  6:40  Mutalisk  
  82  6:41  Mutalisk  
  82  6:44  Mutalisk x3  
  82  6:46  Queen, Zerg Flyer Weapons Level 1  
  91  6:49  Queen  
  91  6:52  Mutalisk x2  
  97  6:56  Baneling x2  
  97  6:59  Zergling x2  
  97  7:00  Zergling x4  
  99  7:06  Mutalisk  
  98  7:13  Mutalisk  
  100  7:15  Zergling x2  
  100  7:16  Zergling x8  
  100  7:20  Drone  
  100  7:21  Evolution Chamber  
  100  7:22  Roach Warren  
  104  7:28  Zergling x2  
  104  7:29  Zergling x2  
  104  7:34  Zergling x4  
  103  7:38  Mutalisk  
  96  7:52  Zerg Missile Weapons Level 1  
  96  7:53  Zergling x10  
  96  8:03  Mutalisk x5  
  96  8:05  Glial Reconstitution  
  106  8:12  Roach x2  
  114  8:13  Roach x2  
  114  8:15  Overlord  
  113  8:21  Overlord x2  
  113  8:29  Overseer, Overlord  
  113  8:32  Overlord  
  113  8:33  Spore Crawler  
  112  8:34  Roach  
  112  8:35  Roach x3  
  112  8:37  Pneumatized Carapace  
  120  8:42  Overseer  
  120  8:46  Roach  
  120  8:47  Roach x5  
  130  8:53  Roach x2  
  128  9:01  Roach x4  
  134  9:07  Roach x2  
Show
View Real Time Build Order
Export as new Build Order

Nerchio Zerg 

Build Orders: Hatch First 

Get SALT Encoding   

  12  0:00  Drone  
  13  0:12  Overlord  
  13  0:17  Drone  
  14  0:30  Drone x2  
  14  0:34  Drone  
  17  0:51  Hatchery  
  17  0:55  Drone  
  17  0:57  Drone  
  18  1:04  Extractor  
  17  1:13  Spawning Pool  
  17  1:16  Drone  
  17  1:20  Drone  
  18  1:28  Drone  
  19  1:38  Overlord  
  19  1:49  Drone  
  20  1:59  Queen  
  20  2:00  Zergling x2  
  23  2:03  Queen, Zergling x2  
  23  2:07  Metabolic Boost  
  26  2:11  Drone  
  26  2:15  Drone  
  28  2:21  Drone  
  29  2:28  Baneling Nest, Drone  
  29  2:32  Drone  
  30  2:37  Zergling x2  
  31  2:53  Zergling x2  
  31  2:54  Hatchery  
  31  2:58  Overlord  
  31  3:01  Drone  
  31  3:03  Drone  
  33  3:06  Zergling x2  
  34  3:16  Drone x2  
  36  3:20  Drone x3  
  36  3:23  Zergling x2  
  40  3:29  Queen  
  40  3:34  Overlord  
  42  3:37  Zergling x2  
  42  3:39  Baneling  
  43  3:48  Zergling x2  
  44  3:49  Baneling x2  
  44  3:58  Drone x4  
  44  3:59  Drone x3  
  51  4:02  Drone  
  51  4:08  Evolution Chamber  
  50  4:12  Baneling x2  
  50  4:13  Drone  
  50  4:14  Drone x4  
  55  4:17  Extractor x2  
  55  4:22  Queen  
  55  4:26  Queen  
  55  4:31  Drone x2  
  57  4:36  Roach Warren  
  56  4:41  Lair  
  56  4:42  Drone  
  56  4:44  Drone  
  58  4:47  Overlord  
  58  4:51  Zerg Missile Weapons Level 1  
  58  4:54  Overlord  
  56  5:11  Overlord  
  53  5:16  Roach x2  
  53  5:17  Roach x6  
  53  5:19  Roach  
  70  5:22  Roach  
  70  5:26  Overlord  
  70  5:28  Overlord  
  72  5:34  Zergling x4  
  72  5:35  Zergling x4  
  76  5:36  Zergling x2  
  76  5:40  Glial Reconstitution  
  76  5:45  Zergling x6  
  76  5:48  Drone x2  
  81  5:51  Drone x2  
  81  5:53  Drone  
  81  5:54  Drone  
  81  5:56  Drone  
  86  5:58  Drone  
  86  5:59  Drone  
  87  6:05  Zergling x8  
  87  6:09  Roach  
  93  6:13  Roach x2  
  93  6:16  Roach  
  95  6:18  Roach  
  95  6:22  Roach  
  95  6:23  Ravager x2  
  95  6:24  Roach  
  90  6:26  Roach  
  90  6:28  Zergling x2  
  90  6:29  Roach  
  90  6:31  Roach  
  91  6:34  Roach  
  91  6:35  Ravager  
  91  6:36  Roach  
  91  6:37  Ravager  
  91  6:39  Roach  
  94  6:41  Ravager, Roach  
  94  6:43  Zergling x4  
  94  6:46  Roach  
  96  6:49  Ravager, Overlord  
  97  6:58  Tunneling Claws  
  97  7:04  Burrow  
  92  7:08  Zergling x2  
  92  7:09  Zergling x12  
  92  7:14  Zergling x6  
  92  7:16  Zergling x2  
  92  7:20  Queen  
  92  7:23  Zergling x4  
  92  7:28  Roach x2  
  97  7:31  Roach  
  97  7:32  Roach  
  97  7:35  Overlord  
  95  7:38  Overlord  
  95  7:40  Roach  
  91  7:44  Roach x2  
  91  7:45  Roach  
  91  7:47  Roach  
  87  7:52  Roach x2  
  87  7:53  Roach  
  87  7:56  Roach  
  90  8:01  Queen  
  90  8:04  Queen  
  86  8:07  Zerg Missile Weapons Level 2  
  86  8:14  Queen  
  86  8:15  Drone x2  
  86  8:16  Drone  
  86  8:19  Infestation Pit  
  90  8:23  Roach x3  
  90  8:24  Roach  
  90  8:26  Roach x2  
  88  8:28  Roach x2  
  88  8:29  Spore Crawler x2, Overlord  
  82  8:37  Queen  
  84  8:42  Roach x3  
  84  8:43  Spore Crawler  
  84  8:44  Overlord  
  84  8:46  Spore Crawler  
  88  8:50  Roach x2  
  88  8:52  Roach  
  88  8:54  Roach  
  88  8:55  Roach  
  90  8:58  Roach  
  90  9:00  Roach  
  90  9:02  Roach  
  88  9:04  Roach  
Tags
 
Add a new tag
Caveats
  • Supply blocks, unpowered buildings, or Contaminate may cause inaccurate times.
  • Supply counts are checked every 10 seconds.